 Dungeon Crawl Stone Soup version 0.31-a0-1539-g569d6c7dce (webtiles) character file.

Game seed: 14356698085707074576

2861 Flugslaktarn the Fighter (level 9, -8/84 HPs)
             Began as a Minotaur Fighter on Jan 1, 2024.
             Was a Believer of Okawaru.
             Mangled by an orc warrior
             ... wielding a +0 halberd
              (16 damage)
             ... on level 7 of the Dungeon.
             The game lasted 00:02:49 (5999 turns).

Flugslaktarn the Fighter (Minotaur Fighter)         Turns: 5999, Time: 00:02:49

Health: -8/84      AC: 10    Str: 24 (25) XL:     9   Next: 47%
Magic:  10/10      EV:  9    Int:  4 (5)  God:    Okawaru [**....]
Gold:   448        SH:  5    Dex:  7 (10) Spells: 8/8 levels left

rFire   . . .        a - +0 war axe
rCold   . . .        c - +0 buckler
rNeg    . . .        b - +0 scale mail
rPois   .            (helmet restricted)
rElec   .            e - +0 cloak
rCorr   .            h - +0 pair of gloves
SInv    .            (no boots)
Will    .....        (no amulet) Stlth
                     (no ring)
HPRegen 0.34/turn    (no ring)
MPRegen 0.12/turn

%: no passive effects
@: lethally poisoned (-8 -> -9)
A: horns 2, retaliatory headbutt
a: Renounce Religion, Heroism


You were on level 7 of the Dungeon.
You worshipped Okawaru.
Okawaru was pleased with you.
You visited 2 branches of the dungeon, and saw 8 of its levels.

You collected 448 gold pieces.

Inventory:

Hand Weapons
 a - a +0 war axe (weapon)
Armour
 b - a +0 scale mail (worn)
 c - a +0 buckler (worn)
 e - a +0 cloak (worn)
   (You found it on level 3 of the Dungeon)
 h - a +0 pair of gloves (worn)
   (You found it on level 1 of the Dungeon)
Wands
 s - a wand of roots (7)
   (You found it on level 4 of the Dungeon)
 w - a wand of light (6)
   (You found it on level 7 of the Dungeon)
Scrolls
 f - 3 scrolls of revelation {unknown}
 i - 2 scrolls of immolation {unknown}
 j - a scroll of brand weapon {unknown}
 k - a scroll of blinking {unknown}
 l - a scroll of enchant weapon {unknown}
 n - 2 scrolls of fog {unknown}
 o - a scroll of noise {unknown}
 r - 6 scrolls of identify {unknown}
 t - 3 scrolls of teleportation
 v - 2 scrolls of enchant armour {unknown}
 y - a scroll of vulnerability {unknown}
Potions
 d - 3 potions of might
 g - 2 potions of brilliance {unknown}
 m - a potion of lignification {unknown}
 p - a potion of mutation {unknown}
 q - a potion of curing
 u - 3 potions of degeneration
 x - a potion of enlightenment {unknown}
 z - a potion of cancellation {unknown}
 A - 2 potions of attraction {unknown}


   Skills:
 * Level 9.5 Fighting
 * Level 9.1 Axes
 + Level 7.1 Armour
 + Level 7.1 Shields
 + Level 3.1 Invocations


You had 8 spell levels left.
You didn't know any spells.
Your spell library contained the following spells:

 Spells                   Type           Power      Damage    Failure   Level
 Apportation              Tloc           0%         N/A       83%         1
 Necrotise                Necr           0%         1d4       83%         1
 Sting                    Conj/Alch      0%         1d3       83%         1
 Stone Arrow              Conj/Erth      0%         3d7       99%         3
 Dimensional Bullseye     Hex/Tloc       0%         N/A       100%        4
 Iskenderun's Mystic Bla  Conj/Tloc      0%         2d3       100%        4
 Lehudib's Crystal Spear  Conj/Erth      0%         10d2      100%        8
 Summon Small Mammal      Summ           Unusable   N/A       N/A         1
 Call Canine Familiar     Summ           Unusable   N/A       N/A         3
 Tukima's Dance           Hex            Unusable   N/A       N/A         3
 Animate Armour           Summ/Erth      Unusable   N/A       N/A         4
 Summon Blazeheart Golem  Fire/Summ      Unusable   N/A       N/A         4

Dungeon Overview and Level Annotations

Branches:
Dungeon (7/15)             Temple (1/1) D:5

Altars:
Ashenzari
Cheibriados
Dithmenos
Elyvilon
Fedhas
Gozag
Makhleb
Okawaru
Sif Muna
Trog
Vehumet
Wu Jian
Xom
Yredelemnul
Zin
The Shining One

Shops:
D:2 (   D:4 :

Annotations:
D:4 2 transporters, exclusion: statue


Innate Abilities, Weirdness & Mutations

You have a pair of horns on your head.
You reflexively headbutt those who attack you in melee.


Message History

Unknown command.
You closely miss the shadow imp. You headbutt the shadow imp.
The shadow imp is almost dead.
The shadow imp hits you but does no damage.
You slash the shadow imp!
You kill the shadow imp!
Okawaru accepts your kill.
Your surroundings suddenly seem different.
A hound comes into view.
Found a leather armour and a short lead wand.
Found a stone staircase leading down and a stone staircase leading up.
The hound barks!
The hound bites you but does no damage.
You slash the hound! Your headbutt misses the hound.
The hound is heavily wounded.
You block the hound's attack.
You closely miss the hound. You headbutt the hound.
The hound is severely wounded.
You block the hound's attack. The hound bites you but does no damage.
You closely miss the hound.
The hound is severely wounded.
The hound closely misses you. The hound barely misses you.
You furiously retaliate!
You headbutt the hound. You barely miss the hound.
The hound is severely wounded.
The hound bites you but does no damage.
You barely miss the hound.
The hound is severely wounded.
The hound bites you but does no damage. The hound barely misses you.
You closely miss the hound.
The hound is severely wounded.
The hound bites you.
You hit the hound.
The hound is almost dead.
The hound barely misses you. You furiously retaliate!
You headbutt the hound!
You kill the hound!
Okawaru accepts your kill.
You feel your strength returning.
You see here a hound corpse.
No target in view!
You see here a wand of light (6).
You see here a hound corpse.
You see here a hound corpse.
You see here a wand of light (6).
w - a wand of light (6)
You see here a hound corpse.
Autopickup is now on.
A scorpion comes into view.
Found a potion of heal wounds.
The scorpion stings you but does no damage.
The scorpion stings you but does no damage.
You hit the scorpion.
The scorpion is lightly wounded.
The scorpion stings you but does no damage.
You hit the scorpion.
The scorpion is heavily wounded.
The scorpion stings you.
You barely miss the scorpion.
The scorpion is heavily wounded.
The scorpion barely misses you.
The scorpion stings you but does no damage.
The orc warrior hits you with a +0 halberd.
You barely miss the scorpion.
The scorpion is heavily wounded.
You slash the orc warrior!
The orc warrior hits you with a +0 halberd!
The scorpion stings you.
You are poisoned.
The scorpion poisons you!
You closely miss the scorpion. You headbutt the scorpion.
The scorpion is severely wounded.
You closely miss the orc warrior.
You feel sick.
The orc warrior hits you with a +0 halberd!
* * * LOW HITPOINT WARNING * * *
The scorpion stings you but does no damage.
You are too injured to fight recklessly!
You hit the orc warrior but do no damage.
The orc warrior is moderately wounded.
You hit the scorpion.
You feel sick. The scorpion barely misses you.
You block the orc warrior's attack.
The scorpion stings you but does no damage.
You are too injured to fight recklessly!
You barely miss the orc warrior.
The orc warrior is moderately wounded.
You slash the scorpion!
You kill the scorpion!
Okawaru accepts your kill.
You feel sick.
The orc warrior hits you but does no damage.
The orc warrior closely misses you.
You closely miss the orc warrior.
The orc warrior is moderately wounded.
You feel sick.
The orc warrior hits you with a +0 halberd!
* * * LOW HITPOINT WARNING * * *
You slash the orc warrior!
The orc warrior is heavily wounded.
You feel sick.
The orc warrior hits you with a +0 halberd!
You die...

}[.## #. ..##
#.....#####
#.........
...#....## #
#..#.....##.
..##.Y......... ...
#...........##. ....
#....o.............
#....@.# ##.....
#....†.## .#.....
#.......###.......
....................
..#.....!##.....>#..
. #......###........
#....... #........
#.......###†.[.#...
............##.# ..


You could see an orc warrior and an ice beast.

Vanquished Creatures
  A komodo dragon (D:7)
  Grinder (D:6)
  Prince Ribbit (D:5)
  A slime creature (D:7)
  Eustachio (D:6)
  A black bear (D:6)
  An ice beast (D:6)
  An ogre (D:5)
  A centaur (D:6)
  Blork the orc (D:5)
  A kobold brigand (D:6)
  3 bullfrogs
  6 scorpions
  2 howler monkeys
  A jelly (D:6)
  6 orc priests
  3 hounds
  Crazy Yiuf (D:5)
  4 iguanas
  5 orc wizards
  A sleepcap (D:4)
  6 gnolls
  7 adders
  2 shadow imps (D:7)
  5 ufetubi (D:6)
  2 dart slugs
  2 ribbon worms
  19 orcs
  5 bats
  4 endoplasms
  3 giant cockroaches
  4 goblins
  4 hobgoblins
  17 jackals
  8 kobolds
  3 quokkas
  13 ball pythons
  5 frilled lizards
  4 rats
156 creatures vanquished.

Notes
Turn   | Place    | Note
-------+----------+-------------------------------------------
     0 | D:1      | Flugslaktarn the Minotaur Fighter began the quest for the
                  | Orb.
     0 | D:1      | Reached XP level 1. HP: 19/19 MP: 0/0
   104 | D:1      | Reached XP level 2. HP: 21/27 MP: 1/1
   384 | D:1      | Reached XP level 3. HP: 25/33 MP: 2/2
   742 | D:2      | Found Mariuc's Weapon Shop.
  1699 | D:3      | Reached XP level 4. HP: 41/41 MP: 3/3
  1813 | D:3      | Identified the +0 dagger of Tentacled Action {freeze, MP+9}
  2051 | D:3      | Found a basalt altar of Yredelemnul.
  2399 | D:4      | Found a transporter.
  2410 | D:4      | Found a transporter.
  2482 | D:4      | Reached skill level 5 in Fighting
  2490 | D:4      | Reached XP level 5. HP: 42/48 MP: 4/4
  2678 | D:4      | Found a radiant altar of Vehumet.
  2678 | D:4      | Noticed a charred statue
  2753 | D:4      | Found Jepsath's Book Shoppe.
  3191 | D:5      | Entered Level 5 of the Dungeon
  3204 | D:5      | Noticed an ogre
  3208 | D:5      | Reached XP level 6. HP: 33/57 MP: 5/5
  3219 | D:4      | Reached skill level 5 in Axes
  3489 | D:5      | Noticed Blork the orc
  3490 | D:5      | Reached skill level 5 in Armour
  3490 | D:5      | Reached skill level 5 in Shields
  3494 | D:5      | Reached XP level 7. HP: 4/64 MP: 6/6
  3713 | D:5      | Killed Blork the orc
  3756 | D:5      | Found a glowing golden altar of the Shining One.
  3952 | D:5      | Noticed Prince Ribbit
  4164 | D:5      | Found a staircase to the Ecumenical Temple.
  4179 | Temple   | Entered the Ecumenical Temple
  4202 | Temple   | Became a worshipper of Warmaster Okawaru
  4360 | D:5      | Killed Prince Ribbit
  4408 | D:5      | Found a runed translucent door.
  4409 | D:5      | Noticed Crazy Yiuf
  4512 | D:5      | Paralysed by Crazy Yiuf for 1 turns
  4514 | D:5      | Killed Crazy Yiuf
  4733 | D:6      | Reached XP level 8. HP: 73/73 MP: 7/7
  4743 | D:6      | Noticed Grinder
  4758 | D:6      | Killed Grinder
  4758 | D:6      | Reached * piety under Okawaru
  4759 | D:6      | Reached skill level 1 in Invocations
  5081 | D:6      | Noticed Eustachio
  5090 | D:6      | Killed Eustachio
  5109 | D:6      | Reached ** piety under Okawaru
  5110 | D:6      | Reached XP level 9. HP: 5/82 MP: 9/9
  5947 | D:7      | Noticed a komodo dragon
  5947 | D:7      | Noticed a gargoyle
  5951 | D:7      | Killed a komodo dragon
  5999 | D:7      | Mangled by an orc warrior

Illustrated notes

Levels and vault maps discovered:
D:1:      matt_arrival_grand_opening, layout_basic
D:2:      layout_loops_corners, serial_shops, shop
D:3:      layout_basic, lemuel_crystal_altar, minmay_randomly_rotated_circles
D:4:      gammafunk_steamed_eel, layout_loops_cross, vehumet_statue,
          nicolae_stop_n_shop_2, kennysheep_boxes
D:5:      layout_cave_pools, tso_metal_star, minmay_temple_entry_junction_2,
          uniq_prince_ribbit1, uniq_crazy_yiuf_cottage, uniq_blork_the_orc
D:6:      minmay_evil_eye, layout_loops_ring, minmay_starry_boxes,
          uniq_eustachio, uniq_grinder
D:7:      minmay_the_grid_octo_2x2 [minmay_the_grid_octo_77,
          minmay_the_grid_octo_checkerflower,
          minmay_the_grid_octo_vomiting_pacman,
          minmay_the_grid_octo_prize_star], layout_cave_pools,
          gammafunk_ghost_wrathful_warriors
Temple:   nicolae_temple_ecumenical_triangle

Skill      XL: |  1  2  3  4  5  6  7  8  9 |
---------------+----------------------------+-----
Axes           | 3 4 5 6 8 9 |  9.1
Fighting       | 4 5 6 7 8 9 |  9.5
Shields        | 4 5 6 7 |  7.1
Armour         | 4 5 6 7 |  7.1
Invocations    | 2 3 |  3.1

Action                     |  1- 3 |  4- 6 |  7- 9 || total
---------------------------+-------+-------+-------++-------
  Melee: War axe           |    83 |   119 |   193 ||   395
         Headbutt          |    10 |    13 |    39 ||    62
    Use: Potion            |       |     2 |     4 ||     6
         Scroll            |       |       |     1 ||     1
 Armour: Scale mail        |    58 |    85 |   175 ||   318
  Dodge: Dodged            |    33 |    49 |    82 ||   164
  Block: Buckler           |    22 |    39 |    40 ||   101

Table legend: (Time is in decaauts)
 A = Elapsed time spent in this place.
 B = Non-inter-level travel time spent in this place.
 C = Inter-level travel time spent in this place.
 D = Time resting spent in this place.
 E = Time spent auto-exploring this place.
 F = Levels seen in this place.
 G = Mean time per level.
                   A        B        C        D        E       F      G
               +--------+--------+--------+--------+--------+-----+--------+
         Total |   6095 |   5877 |    218 |    974 |   3976 |   8 |  761.9 |
       Dungeon |   6055 |   5866 |    189 |    974 |   3976 |   7 |  865.0 |
        Temple |     40 |     11 |     29 |      0 |      0 |   1 |   40.0 |
               +--------+--------+--------+--------+--------+-----+--------+

Top non-repeatable levels by time:
     D:4: 1307 daAuts
     D:6: 1201 daAuts
     D:5: 955 daAuts
     D:3: 835 daAuts
     D:2: 817 daAuts
     D:1: 759 daAuts
     D:7: 177 daAuts
  Temple: 40 daAuts
